 Dungeon Crawl Stone Soup version 0.29.0-15-g675c0067aa (webtiles) character file.

Game seed: 9024744953558955803

19654 qw the Cleaver (level 12, -4/77 HPs)
             Began as a Gargoyle Fighter on Sept 11, 2022.
             Slain by a death yak (14 damage)
             ... on level 1 of the Lair of Beasts.
             The game lasted 00:04:39 (12467 turns).

qw the Cleaver (Gargoyle Fighter)                  Turns: 12467, Time: 00:04:39

Health: -4/77      AC: 38    Str: 29    XL:     12   Next: 71%
Magic:  12/12      EV: 10    Int:  8    God:
Gold:   112        SH:  5    Dex: 11    Spells: 11/11 levels left

rFire   . . .      SeeInvis .   Y - +1 broad axe (freeze)
rCold   + + +      Faith    .   c - +0 buckler
rNeg    + . .      Spirit   .   z - +0 crystal plate armour
rPois   inf        Reflect  .   s - +0 helmet
rElec   +          Harm     .   n - +0 cloak
rCorr   .          Rampage  .   k - +0 pair of gloves
Will    .....      Clarity  +   f - +0 pair of boots
Stlth   ..........              t - amulet of regeneration
HPRegen 1.02/turn               r - +4 ring of evasion
MPRegen 0.13/turn               b - ring "Wegylludut" {rC+++ Will- Dex+3 Slay+4}

@: about to teleport
A: sickness immunity, AC +8, negative energy resistance 1, electricity
resistance, torment resistance 1, petrification resistance, iridescent scales 1,
clarity, strong 1
a: no special abilities


You were on level 1 of the Lair of Beasts.
You visited 2 branches of the dungeon, and saw 12 of its levels.

You collected 800 gold pieces.
You spent 688 gold pieces at shops.


Innate Abilities, Weirdness & Mutations

You are immune to sickness and miasma.
Your stone body is resilient. (AC +8)
You are immune to poison.
You resist negative energy. (rN+)
You are resistant to electric shocks. (rElec)
You are resistant to unholy torment.
You are immune to petrification.
You are partially covered in iridescent scales. (AC +2)
You possess an exceptional clarity of mind.
Your muscles are strong. (Str +4, Int/Dex -1)


   Skills:
 - Level 10.1 Fighting
 - Level 13.1 Axes
 - Level 3.1 Throwing
 + Level 12.1 Armour
 - Level 2.2 Dodging
 - Level 6.0 Shields


You had 11 spell levels left.
You didn't know any spells.
Your spell library was empty.

Inventory:

Hand Weapons
 y - a +0 morningstar of flaming
 Y - a +1 broad axe of freezing (weapon)
Armour
 c - a +0 buckler (worn)
 f - a +0 pair of boots (worn)
 k - a +0 pair of gloves (worn)
 n - a +0 cloak (worn)
 q - +0 acid dragon scales
 s - a +0 helmet (worn)
 z - a +0 crystal plate armour (worn)
Jewellery
 b - the ring "Wegylludut" (right hand) {rC+++ Will- Dex+3 Slay+4}
   (You took it off an orc on level 4 of the Dungeon)

   [ring of slaying]

   Dex:       It affects your dexterity (+3).
   Slay:      It affects your accuracy & damage with ranged weapons and melee
   (+4).
   rC:        It renders you almost immune to cold.
   Will:      It decreases your willpower.
 l - a ring of protection from fire
 r - a +4 ring of evasion (left hand)
 t - an amulet of regeneration (around neck)
Scrolls
 i - 4 scrolls of teleportation
 m - 5 scrolls of fog
 p - 6 scrolls of identify
 v - 3 scrolls of blinking
Potions
 a - 3 potions of heal wounds
 d - 2 potions of might
 e - 4 potions of mutation
 g - 5 potions of curing
 h - 4 potions of haste
 j - 2 potions of attraction
 x - a potion of cancellation
 A - a potion of lignification

Dungeon Overview and Level Annotations

Branches:
Dungeon (11/15)            Temple (0/1) D:5            Lair (1/5) D:9
    Orc (0/2) D:10

Altars:
Cheibriados
Nemelex Xobeh
Ru
Uskayaw
The Shining One

Shops:
D:3 *   D:11 [*([?

Annotations:
D:3 1 runed translucent door, Crazy Yiuf
D:11 1 runed translucent door, qw's ghost, novice MiBe


Message History

The bullfrog is no longer moving slowly.
The death yak closely misses you.
The death yak gores you but does no damage.
The death yak closely misses you.
The death yak gores you but does no damage. x3
You slice the death yak!! You freeze the death yak.
You kill the death yak!
You completely miss the death yak. You slash the death yak!
You freeze the death yak. You barely miss the death yak. x2
You slash the death yak! You freeze the death yak.
You kill the death yak!
You slash the death yak! You freeze the death yak! The death yak gores you!
The death yak gores you but does no damage. x3
You slash the death yak! You freeze the death yak.
You kill the death yak!
You slash the death yak! You freeze the death yak. You hit the death yak.
You freeze the death yak. You slash the death yak! You freeze the death yak.
You slash the death yak! You freeze the death yak. You slash the death yak!
You freeze the death yak! You barely miss the death yak.
The death yak barely misses you. The death yak gores you.
The death yak misses you.
The death yak gores you but does no damage. x3
Your Axes skill increases to level 13!
You slash the death yak! You freeze the death yak.
The death yak is almost dead.
You hit the death yak. You freeze the death yak. You hit the death yak.
You freeze the death yak. You completely miss the death yak.
You barely miss the death yak. You slash the death yak!
You freeze the death yak. You slash the death yak! You freeze the death yak.
The death yak gores you but does no damage.
The death yak barely misses you. You block the death yak's attack.
The death yak gores you. The death yak barely misses you.
The death yak gores you!
12467 ||| READING 5 scrolls of teleportation.
As you read the scroll of teleportation, it crumbles to dust.
You feel strangely unstable.
The death yak gores you but does no damage. x3
The death yak gores you!
You die...

.......................
........................
........................P
(........................
.........................
..#...............#..%...
.#......F................
.......YYY.####.#........
.......Y@Y## ###P.......
.......YY## ##.......
.......### #......#.
......# #.....##. .....#
.......##. .....
#......... ....
.......... ... .........
... ......


You could see 7 death yaks and a bullfrog.

Vanquished Creatures
  A boulder beetle (D:11)
  A centaur warrior (D:11)
  4 two-headed ogres
  5 death yaks (Lair:1)
  5 elephants (Lair:1)
  2 komodo dragons
  A troll (D:10)
  3 blink frogs (Lair:1)
  A hornet (D:9)
  A shadow (D:9)
  2 wraiths (D:11)
  25 yaks
  3 wyverns
  2 steam dragons
  Menkaure (D:4)
  4 water moccasins
  3 acid dragons
  Duvessa (D:4)
  A sky beast (D:7)
  3 orc warriors
  2 ice beasts
  6 black bears
  3 ogres (D:5)
  4 centaurs
  2 kobold brigands
  4 phantoms
  4 bullfrogs
  2 necrophages
  A gnoll sergeant (D:9)
  2 scorpions
  Dowan (D:4)
  3 electric eels (D:8)
  6 howler monkeys
  3 hounds
  2 gnoll boudas
  3 iguanas
  A jelly (D:7)
  12 orc priests
  Natasha (twice) (D:4)
  13 orc wizards
  Robin (D:3)
  13 adders
  14 gnolls
  2 white imps
  2 ufetubi
  A worm (D:5)
  3 dart slugs
  36 orcs
  9 ball pythons
  7 endoplasms
  2 giant cockroaches
  21 goblins
  5 hobgoblins
  4 jackals (D:2)
  3 quokkas
  7 bats
  4 frilled lizards
  9 kobolds
  6 rats
294 creatures vanquished.

Vanquished Creatures (others)
  26 fungi (D:9)
  24 plants
50 creatures vanquished.

Grand Total: 344 creatures vanquished

Notes
Turn   | Place    | Note
-------+----------+-------------------------------------------
     0 | D:1      | qw the Gargoyle Fighter began the quest for the Orb.
     0 | D:1      | Reached XP level 1. HP: 14/14 MP: 1/1
     0 | D:1      | 0 ||| qw: Version: 0.1-a-119-g272c26d
     0 | D:1      | 0 ||| qw: Game counter: 10640
     0 | D:1      | 0 ||| qw: Always use a shield: true
     0 | D:1      | 0 ||| qw: God list: Okawaru
     0 | D:1      | 0 ||| qw: Allow faded altars: false
     0 | D:1      | 0 ||| qw: Do Orc after D:15 true
     0 | D:1      | 0 ||| qw: Do second Lair branch before Depths: true
     0 | D:1      | 0 ||| qw: Lair rune preference: random
     0 | D:1      | 0 ||| qw: Plans: Normal, Zot, God:TSO, Crypt, Tomb, Pan,
                  | Slime, Hells, Zig, Abyss, Orb
     0 | D:1      | 0 ||| PLANNING D:1-11
    60 | D:1      | Reached skill level 2 in Axes
   265 | D:1      | Reached XP level 2. HP: 19/19 MP: 2/2
   572 | D:1      | 572 ||| Stepping ~*~*~tactically~*~*~ (hiding).
   779 | D:1      | Reached skill level 3 in Axes
   889 | D:1      | Reached XP level 3. HP: 23/23 MP: 3/3
  1043 | D:1      | 1043 ||| UPGRADING to +0 pair of gloves.
  1048 | D:1      | 1048 ||| DROPPING amulet of magic regeneration.
  1049 | D:1      | 1049 ||| READING scroll labelled QYEDA JI XADU.
  1050 | D:1      | 1050 ||| READING scroll labelled LEUNAHASIN.
  1051 | D:1      | 1051 ||| READING 2 scrolls labelled QABIMIYSAURR.
  1056 | D:1      | 1056 ||| READING scroll labelled NADETI HINEY.
  1057 | D:1      | 1057 ||| READING scroll labelled TIMANTAEDA.
  1058 | D:1      | 1058 ||| DRINKING 3 sedimented golden potions.
  1058 | D:1      | Gained mutation: You possess an exceptional clarity of
                  | mind. [potion of mutation]
  1058 | D:1      | Gained mutation: Your muscles are strong. (Str +4, Int/Dex
                  | -1) [potion of mutation]
  1058 | D:1      | Gained mutation: You are partially covered in iridescent
                  | scales. (AC +2) [potion of mutation]
  1286 | D:2      | 1286 ||| Stepping ~*~*~tactically~*~*~ (hiding).
  1451 | D:2      | 1451 ||| FLEEEEING.
  1452 | D:2      | 1452 ||| FLEEEEING.
  1492 | D:2      | 1492 ||| Stepping ~*~*~tactically~*~*~ (stealth).
  1571 | D:2      | 1571 ||| DROPPING +0 club.
  1594 | D:2      | Found a glowing golden altar of the Shining One.
  1688 | D:2      | 1688 ||| Stepping ~*~*~tactically~*~*~ (hiding).
  1819 | D:2      | Found a faded altar of an unknown god.
  1849 | D:2      | Reached XP level 4. HP: 28/28 MP: 4/4
  2085 | D:2      | 2085 ||| UPGRADING to +0 pair of boots.
  2090 | D:2      | 2090 ||| DRINKING 2 bubbling grey potions.
  2104 | D:3      | You fall into a shaft and drop 1 floor!
  2153 | D:4      | 2153 ||| UPGRADING to +6 ring of strength.
  2203 | D:3      | 2203 ||| Stepping ~*~*~tactically~*~*~ (stealth).
  2207 | D:3      | 2207 ||| Stepping ~*~*~tactically~*~*~ (stealth).
  2216 | D:3      | Reached skill level 4 in Axes
  2286 | D:3      | 2286 ||| Stepping ~*~*~tactically~*~*~ (stealth).
  2297 | D:3      | 2297 ||| Stepping ~*~*~tactically~*~*~ (stealth).
  2300 | D:3      | 2300 ||| Stepping ~*~*~tactically~*~*~ (stealth).
  2340 | D:3      | 2340 ||| Stepping ~*~*~tactically~*~*~ (hiding).
  2344 | D:3      | 2344 ||| Stepping ~*~*~tactically~*~*~ (hiding).
  2455 | D:3      | Found Picuino's General Store.
  2463 | D:3      | 2463 ||| BUYING +0 chain mail (45 gold).
  2463 | D:3      | Bought a +0 chain mail for 45 gold pieces
  2463 | D:3      | 2463 ||| BUYING scroll of fog (40 gold).
  2463 | D:3      | Bought a scroll of fog for 40 gold pieces
  2463 | D:3      | 2463 ||| BUYING scroll of identify (20 gold).
  2463 | D:3      | Bought a scroll of identify for 20 gold pieces
  2497 | D:3      | Reached XP level 5. HP: 32/32 MP: 5/5
  2562 | D:3      | Noticed Robin
  2577 | D:3      | Killed Robin
  2973 | D:3      | Reached skill level 1 in Throwing
  2977 | D:3      | 2977 ||| FLEEEEING.
  2978 | D:3      | 2978 ||| FLEEEEING.
  2979 | D:3      | 2979 ||| FLEEEEING.
  2980 | D:3      | 2980 ||| FLEEEEING.
  2981 | D:3      | 2981 ||| FLEEEEING.
  2982 | D:3      | 2982 ||| FLEEEEING.
  2983 | D:3      | 2983 ||| FLEEEEING.
  2984 | D:3      | 2984 ||| FLEEEEING.
  2985 | D:3      | 2985 ||| FLEEEEING.
  2986 | D:3      | 2986 ||| FLEEEEING.
  2987 | D:3      | 2987 ||| FLEEEEING.
  2990 | D:3      | 2990 ||| FLEEEEING.
  2996 | D:3      | 2996 ||| FLEEEEING.
  2998 | D:3      | 2998 ||| FLEEEEING.
  2999 | D:3      | 2999 ||| FLEEEEING.
  3000 | D:3      | 3000 ||| FLEEEEING.
  3001 | D:3      | 3001 ||| FLEEEEING.
  3002 | D:3      | 3002 ||| FLEEEEING.
  3003 | D:3      | 3003 ||| FLEEEEING.
  3004 | D:3      | 3004 ||| FLEEEEING.
  3015 | D:3      | Reached skill level 5 in Axes
  3065 | D:3      | 3065 ||| FLEEEEING.
  3066 | D:3      | 3066 ||| FLEEEEING.
  3067 | D:3      | 3067 ||| FLEEEEING.
  3386 | D:3      | Found a runed translucent door.
  3387 | D:3      | Noticed Crazy Yiuf
  3506 | D:3      | 3506 ||| DROPPING +0 mace.
  3619 | D:3      | 3619 ||| UPGRADING to +0 cloak.
  3624 | D:3      | 3624 ||| UPGRADING to +0 chain mail.
  3634 | D:3      | 3634 ||| DROPPING +0 scale mail.
  3635 | D:3      | 3635 ||| UPGRADING to +0 helmet.
  3640 | D:3      | 3640 ||| READING scroll labelled TAMODU IJILONY.
  3641 | D:3      | 3641 ||| READING 4 scrolls labelled JISOICR CIQA.
  3642 | D:3      | 3642 ||| DRINKING 2 fizzy brown potions.
  3643 | D:3      | 3643 ||| DROPPING 3 scrolls of noise.
  3696 | D:4      | 3696 ||| Stepping ~*~*~tactically~*~*~ (stealth).
  3697 | D:4      | 3697 ||| Stepping ~*~*~tactically~*~*~ (stealth).
  3764 | D:4      | Noticed Duvessa
  3766 | D:4      | Noticed Dowan
  3774 | D:4      | Killed Duvessa
  3775 | D:4      | Reached XP level 6. HP: 35/40 MP: 6/6
  3778 | D:4      | Killed Dowan
  3949 | D:4      | 3949 ||| Stepping ~*~*~tactically~*~*~ (hiding).
  3950 | D:4      | 3950 ||| Stepping ~*~*~tactically~*~*~ (hiding).
  3959 | D:4      | 3959 ||| Stepping ~*~*~tactically~*~*~ (stealth).
  3962 | D:4      | 3962 ||| Stepping ~*~*~tactically~*~*~ (stealth).
  3966 | D:4      | Identified the ring "Wegylludut" {rC+++ Will- Dex+3 Slay+4}
  3967 | D:4      | 3967 ||| Stepping ~*~*~tactically~*~*~ (stealth).
  4002 | D:4      | 4002 ||| Stepping ~*~*~tactically~*~*~ (stealth).
  4165 | D:4      | Noticed Menkaure
  4166 | D:4      | 4166 ||| FLEEEEING.
  4167 | D:4      | 4167 ||| FLEEEEING.
  4168 | D:4      | 4168 ||| FLEEEEING.
  4169 | D:4      | 4169 ||| FLEEEEING.
  4191 | D:4      | Killed Menkaure
  4192 | D:4      | Reached skill level 6 in Axes
  4192 | D:4      | Reached XP level 7. HP: 32/44 MP: 7/7
  4341 | D:4      | Reached skill level 1 in Dodging
  4477 | D:4      | Noticed Natasha
  4478 | D:4      | 4478 ||| Stepping ~*~*~tactically~*~*~ (hiding).
  4488 | D:4      | Killed Natasha
  4602 | D:4      | Noticed Natasha
  4603 | D:4      | 4603 ||| Stepping ~*~*~tactically~*~*~ (stealth).
  4610 | D:4      | Killed Natasha
  4704 | D:4      | 4704 ||| UPGRADING to ring "Wegylludut" {rC+++ Will- Dex+3
                  | Slay+4}.
  4705 | D:4      | 4705 ||| DRINKING 2 smoky emerald potions.
  4706 | D:4      | 4706 ||| READING 2 scrolls of identify.
  4706 | D:4      | 4706 ||| IDENTIFYING yellow potion
  4707 | D:4      | 4707 ||| DROPPING potion of degeneration.
  4748 | D:5      | Entered Level 5 of the Dungeon
  4770 | D:5      | 4770 ||| Stepping ~*~*~tactically~*~*~ (stealth).
  4771 | D:5      | 4771 ||| Stepping ~*~*~tactically~*~*~ (stealth).
  4772 | D:5      | 4772 ||| Stepping ~*~*~tactically~*~*~ (stealth).
  4773 | D:5      | 4773 ||| Stepping ~*~*~tactically~*~*~ (stealth).
  4774 | D:5      | 4774 ||| Stepping ~*~*~tactically~*~*~ (stealth).
  4830 | D:5      | 4830 ||| Stepping ~*~*~tactically~*~*~ (stealth).
  4837 | D:5      | Reached skill level 7 in Axes
  4847 | D:5      | 4847 ||| Stepping ~*~*~tactically~*~*~ (stealth).
  4849 | D:5      | Reached XP level 8. HP: 49/49 MP: 8/8
  4886 | D:5      | 4886 ||| Stepping ~*~*~tactically~*~*~ (stealth).
  4896 | D:5      | 4896 ||| DROPPING +0 flail.
  4916 | D:5      | Found a staircase to the Ecumenical Temple.
  5366 | D:5      | Reached skill level 8 in Axes
  5419 | D:5      | Found a sparkling altar of Nemelex Xobeh.
  5666 | D:5      | 5666 ||| UPGRADING to +0 crystal plate armour.
  5676 | D:5      | 5676 ||| DROPPING +0 chain mail.
  5677 | D:5      | 5677 ||| UPGRADING to +4 ring of evasion.
  5679 | D:5      | 5679 ||| DROPPING +6 ring of strength.
  5680 | D:5      | 5680 ||| READING scroll labelled SAMERR NALI.
  5681 | D:5      | 5681 ||| DRINKING 2 glowing sapphire potions.
  5682 | D:5      | 5682 ||| DRINKING 2 cyan potions.
  5783 | D:5      | 5783 ||| DROPPING potion of flight.
  5784 | D:5      | 5784 ||| DROPPING potion of ambrosia.
  5891 | D:6      | Reached XP level 9. HP: 53/54 MP: 9/9
  5938 | D:6      | Reached skill level 6 in Armour
  5961 | D:6      | 5961 ||| Stepping ~*~*~tactically~*~*~ (stealth).
  5962 | D:6      | 5962 ||| Stepping ~*~*~tactically~*~*~ (stealth).
  5963 | D:6      | 5963 ||| Stepping ~*~*~tactically~*~*~ (hiding).
  6042 | D:6      | 6042 ||| FLEEEEING.
  6046 | D:6      | 6046 ||| FLEEEEING.
  6047 | D:6      | 6047 ||| FLEEEEING.
  6048 | D:6      | 6048 ||| STAIRDANCE
  6178 | D:5      | 6178 ||| READING scroll labelled UHAAK JUNOUPNI.
  6279 | D:5      | 6279 ||| DRINKING 2 viscous coppery potions.
  6280 | D:5      | 6280 ||| DROPPING potion of brilliance.
  6497 | D:6      | 6497 ||| Stepping ~*~*~tactically~*~*~ (stealth).
  6499 | D:6      | 6499 ||| Stepping ~*~*~tactically~*~*~ (stealth).
  6545 | D:6      | Reached skill level 6 in Fighting
  6572 | D:6      | 6572 ||| DRINKING 2 green potions.
  6592 | D:7      | 6592 ||| STAIRDANCE
  6716 | D:7      | 6716 ||| FLEEEEING.
  6717 | D:7      | 6717 ||| FLEEEEING.
  6779 | D:7      | 6779 ||| Stepping ~*~*~tactically~*~*~ (stealth).
  6780 | D:7      | 6780 ||| Stepping ~*~*~tactically~*~*~ (stealth).
  6887 | D:7      | 6887 ||| Stepping ~*~*~tactically~*~*~ (stealth).
  6996 | D:7      | 6996 ||| Stepping ~*~*~tactically~*~*~ (stealth).
  7038 | D:7      | 7038 ||| Stepping ~*~*~tactically~*~*~ (stealth).
  7042 | D:7      | 7042 ||| Stepping ~*~*~tactically~*~*~ (hiding).
  7091 | D:7      | Reached skill level 9 in Axes
  7201 | D:7      | 7201 ||| FLEEEEING.
  7202 | D:7      | 7202 ||| FLEEEEING.
  7203 | D:7      | 7203 ||| FLEEEEING.
  7204 | D:7      | 7204 ||| FLEEEEING.
  7205 | D:7      | 7205 ||| Stepping ~*~*~tactically~*~*~ (cloud).
  7209 | D:7      | 7209 ||| FLEEEEING.
  7210 | D:7      | 7210 ||| FLEEEEING.
  7212 | D:7      | 7212 ||| FLEEEEING.
  7214 | D:7      | 7214 ||| FLEEEEING.
  7215 | D:7      | 7215 ||| FLEEEEING.
  7219 | D:7      | 7219 ||| STAIRDANCE
  7305 | D:6      | 7305 ||| DROPPING ring of willpower.
  7306 | D:6      | 7306 ||| READING 3 scrolls of identify.
  7306 | D:6      | 7306 ||| IDENTIFYING metallic blue potion
  7307 | D:6      | 7307 ||| READING 2 scrolls of identify.
  7307 | D:6      | 7307 ||| IDENTIFYING puce potion
  7308 | D:6      | 7308 ||| DROPPING potion of magic.
  7318 | D:7      | 7318 ||| Stepping ~*~*~tactically~*~*~ (cloud).
  7572 | D:8      | 7572 ||| Stepping ~*~*~tactically~*~*~ (stealth).
  7573 | D:8      | 7573 ||| Stepping ~*~*~tactically~*~*~ (stealth).
  7575 | D:8      | 7575 ||| Stepping ~*~*~tactically~*~*~ (hiding).
  7576 | D:8      | 7576 ||| Stepping ~*~*~tactically~*~*~ (hiding).
  7587 | D:8      | 7587 ||| FLEEEEING.
  7597 | D:8      | Reached XP level 10. HP: 42/60 MP: 10/10
  7597 | D:8      | 7597 ||| STAIRDANCE
  7700 | D:8      | Reached skill level 9 in Armour
  7712 | D:8      | 7712 ||| Stepping ~*~*~tactically~*~*~ (stealth).
  7831 | D:8      | Found a flagged portal.
  7836 | D:8      | 7836 ||| Stepping ~*~*~tactically~*~*~ (stealth).
  7885 | D:8      | 7885 ||| Stepping ~*~*~tactically~*~*~ (hiding).
  7897 | D:8      | 7897 ||| Stepping ~*~*~tactically~*~*~ (hiding).
  7898 | D:8      | 7898 ||| Stepping ~*~*~tactically~*~*~ (hiding).
  7965 | D:8      | 7965 ||| SWAPPING to +0 broad axe.
  7966 | D:8      | 7966 ||| DROPPING +0 war axe.
  8302 | D:8      | 8302 ||| Stepping ~*~*~tactically~*~*~ (hiding).
  8303 | D:8      | 8303 ||| Stepping ~*~*~tactically~*~*~ (hiding).
  8511 | D:8      | Found a hide-covered altar of Uskayaw.
  8559 | D:8      | 8559 ||| DROPPING +6 ring of intelligence.
  8560 | D:8      | 8560 ||| READING scroll labelled WULINN ZOMUORR.
  8624 | D:9      | Reached skill level 10 in Axes
  8666 | D:9      | Noticed a two-headed ogre
  8667 | D:9      | 8667 ||| FLEEEEING.
  8668 | D:9      | 8668 ||| FLEEEEING.
  8669 | D:9      | 8669 ||| FLEEEEING.
  8670 | D:9      | 8670 ||| FLEEEEING.
  8671 | D:9      | 8671 ||| FLEEEEING.
  8672 | D:9      | 8672 ||| FLEEEEING.
  8673 | D:9      | 8673 ||| FLEEEEING.
  8674 | D:9      | 8674 ||| FLEEEEING.
  8675 | D:9      | 8675 ||| FLEEEEING.
  8676 | D:9      | 8676 ||| FLEEEEING.
  8677 | D:9      | 8677 ||| FLEEEEING.
  8678 | D:9      | 8678 ||| FLEEEEING.
  8679 | D:9      | 8679 ||| STAIRDANCE
  8835 | D:9      | Killed a two-headed ogre
  8836 | D:9      | 8836 ||| STAIRDANCE
  8924 | D:9      | Reached skill level 3 in Throwing
  8926 | D:9      | Found a staircase to the Lair.
  9241 | D:9      | Found a snail-covered altar of Cheibriados.
  9325 | D:9      | Reached XP level 11. HP: 27/68 MP: 11/11
  9612 | D:9      | 9612 ||| Stepping ~*~*~tactically~*~*~ (stealth).
  9614 | D:9      | 9614 ||| Stepping ~*~*~tactically~*~*~ (hiding).
 10235 | D:10     | Entered Level 10 of the Dungeon
 10239 | D:10     | Reached skill level 11 in Axes
 10255 | D:10     | 10255 ||| Stepping ~*~*~tactically~*~*~ (hiding).
 10260 | D:10     | 10260 ||| Stepping ~*~*~tactically~*~*~ (hiding).
 10388 | D:10     | 10388 ||| Stepping ~*~*~tactically~*~*~ (stealth).
 10577 | D:10     | Noticed a two-headed ogre
 10584 | D:10     | Killed a two-headed ogre
 10585 | D:10     | Reached skill level 9 in Fighting
 10822 | D:10     | Found a staircase to the Orcish Mines.
 10851 | D:10     | Found a sacrificial altar of Ru.
 11099 | D:10     | 11099 ||| UPGRADING to amulet of regeneration.
 11104 | D:10     | 11104 ||| DROPPING ring of magical power.
 11105 | D:10     | 11105 ||| READING scroll labelled IVIUNORREU.
 11208 | D:11     | Noticed a two-headed ogre
 11214 | D:11     | Killed a two-headed ogre
 11351 | D:11     | Noticed a boulder beetle
 11379 | D:11     | Killed a boulder beetle
 11442 | D:11     | Found Tyrifit's Antique Weapon Boutique.
 11478 | D:11     | 11478 ||| Stepping ~*~*~tactically~*~*~ (stealth).
 11482 | D:11     | 11482 ||| Stepping ~*~*~tactically~*~*~ (stealth).
 11515 | D:11     | Noticed a two-headed ogre
 11519 | D:11     | Noticed a centaur warrior
 11522 | D:11     | Killed a two-headed ogre
 11527 | D:11     | Killed a centaur warrior
 11528 | D:11     | Reached skill level 12 in Axes
 11528 | D:11     | Reached XP level 12. HP: 58/76 MP: 12/12
 11600 | D:11     | Found Nivupt's Armour Boutique.
 11605 | D:11     | Found Fyngoet's Antique Armour Boutique.
 11606 | D:11     | Found Qelost's Magic Scroll Boutique.
 11607 | D:11     | Found Dytosa Gemen's General Store.
 11610 | D:11     | 11610 ||| SHOPLISTING +2 ice dragon scales (1008 gold, have
                  | 631).
 11610 | D:11     | 11610 ||| SHOPLISTING +4 plate armour of fire resistance
                  | (700 gold, have 631).
 11614 | D:11     | 11614 ||| BUYING scroll of blinking (97 gold).
 11614 | D:11     | Bought a scroll of blinking for 97 gold pieces
 11614 | D:11     | 11614 ||| BUYING scroll of blinking (97 gold).
 11614 | D:11     | Bought a scroll of blinking for 97 gold pieces
 11614 | D:11     | 11614 ||| BUYING scroll of blinking (97 gold).
 11614 | D:11     | Bought a scroll of blinking for 97 gold pieces
 11614 | D:11     | 11614 ||| BUYING scroll of enchant weapon (97 gold).
 11614 | D:11     | Bought a scroll of enchant weapon for 97 gold pieces
 11614 | D:11     | 11614 ||| BUYING scroll of identify (26 gold).
 11614 | D:11     | Bought a scroll of identify for 26 gold pieces
 11614 | D:11     | 11614 ||| BUYING scroll of identify (26 gold).
 11614 | D:11     | Bought a scroll of identify for 26 gold pieces
 11614 | D:11     | 11614 ||| BUYING scroll of identify (26 gold).
 11614 | D:11     | Bought a scroll of identify for 26 gold pieces
 11614 | D:11     | 11614 ||| BUYING scroll of teleportation (39 gold).
 11614 | D:11     | Bought a scroll of teleportation for 39 gold pieces
 11614 | D:11     | 11614 ||| READING scroll of enchant weapon.
 11614 | D:11     | 11614 ||| ENCHANTING +0 broad axe of freezing.
 11619 | D:11     | 11619 ||| SHOPLISTING +2 shield of Resistance {rF++ rC++
                  | Will++} (916 gold, have 126).
 11619 | D:11     | 11619 ||| BUYING 2 potions of curing (78 gold).
 11619 | D:11     | Bought 2 potions of curing for 78 gold pieces
 11623 | D:11     | 11623 ||| SHOPLISTING runed plate armour (598 gold, have
                  | 48).
 11623 | D:11     | 11623 ||| SHOPLISTING shiny plate armour (598 gold, have
                  | 48).
 11744 | D:11     | 11744 ||| Stepping ~*~*~tactically~*~*~ (hiding).
 11753 | D:11     | Reached skill level 6 in Shields
 11881 | D:11     | Found a runed translucent door.
 12023 | D:11     | Identified the +6 spear of the Hierophant {flame, rN+
                  | Int+2}
 12023 | D:11     | Noticed qw's ghost (novice MiBe)
 12037 | D:11     | 12037 ||| PLANNING LAIR
 12120 | Lair:1   | Entered Level 1 of the Lair of Beasts
 12149 | Lair:1   | 12149 ||| Stepping ~*~*~tactically~*~*~ (stealth).
 12215 | Lair:1   | Reached skill level 12 in Armour
 12444 | Lair:1   | Noticed a death yak
 12444 | Lair:1   | Noticed a death yak
 12445 | Lair:1   | Noticed a death yak
 12445 | Lair:1   | Noticed a death yak
 12446 | Lair:1   | Noticed a death yak
 12446 | Lair:1   | 12446 ||| Stepping ~*~*~tactically~*~*~ (stealth).
 12451 | Lair:1   | Noticed a death yak
 12451 | Lair:1   | Noticed a death yak
 12453 | Lair:1   | Noticed a death yak
 12453 | Lair:1   | Noticed a death yak
 12453 | Lair:1   | Noticed a death yak
 12454 | Lair:1   | Killed a death yak
 12454 | Lair:1   | Noticed a death yak
 12455 | Lair:1   | Noticed a death yak
 12461 | Lair:1   | Killed a death yak
 12464 | Lair:1   | Killed a death yak
 12464 | Lair:1   | Killed a death yak
 12465 | Lair:1   | Killed a death yak
 12466 | Lair:1   | Reached skill level 13 in Axes
 12466 | Lair:1   | HP: 19/77 [death yak (3)]
 12466 | Lair:1   | HP: 9/77 [death yak (10)]
 12467 | Lair:1   | 12467 ||| READING 5 scrolls of teleportation.
 12467 | Lair:1   | Slain by a death yak

Levels and vault maps discovered:
D:1:      minmay_arrival_diagonal_passages, layout_loops_cross, minivault_11
D:2:      layout_loops_corners, dreamdust_ecumenical_altar_angels_and_demons,
          basic_altar
D:3:      layout_basic, serial_shops,
          nicolae_shop_temple_entry_statues_fountains, palyth_stone_intersect,
          uniq_robin, uniq_crazy_yiuf_cottage
D:4:      layout_cave_pods, minmay_vboxes, uniq_duvessa, uniq_natasha,
          uniq_menkaure
D:5:      layout_basic, lemuel_doored_altar, minmay_temple_entry_from_below_a,
          minmay_misc_feat_chi, minmay_starry_boxes
D:6:      layout_basic
D:7:      layout_rooms
D:8:      layout_basic, mainiacjoe_overflow_chevrons, enter_bailey_2
D:9:      layout_irregular_city, mainiacjoe_overflow_brackets,
          due_lair_maze_entry_diamond
D:10:     layout_roguey, nicolae_ru_awakened_eye, orc_0_dummy,
          kennysheep_small_square
D:11:     layout_irregular_city, serial_shops, nicolae_shop_crystal,
          ebering_ghost_funeral_grove, minmay_shop_grid_forest
Lair:1:   layout_hall_layers, infiniplex_staircase_pool

Skill      XL: |  1  2  3  4  5  6  7  8  9 10 11 12 |
---------------+-------------------------------------+-----
Axes           | 2 3 4 5 6 7 8 9 10 12 13 | 13.1
Throwing       | 1 2 3 |  3.1
Fighting       | 4 5 6 8 9 10 | 10.1
Dodging        | 1 2 |  2.2
Armour         | 5 8 10 11 12 | 12.1
Shields        | 4 5 6 |  6.0

Action                   |  1- 3 |  4- 6 |  7- 9 | 10-12 || total
-------------------------+-------+-------+-------+-------++-------
Melee: War axe           |   105 |   115 |   253 |    44 ||   517
       Broad axe         |       |       |       |   301 ||   301
Throw: Javelin           |       |    25 |    56 |    51 ||   132
       Boomerang         |       |       |       |    32 ||    32
  Use: Scroll            |     5 |     2 |     5 |     4 ||    16
       Potion            |     1 |     2 |     5 |       ||     8
Armor: Scale mail        |    46 |    69 |       |       ||   115
       Chain mail        |       |    20 |    30 |       ||    50
       Crystal plate arm |       |       |   133 |   288 ||   421
Dodge: Dodged            |    43 |    58 |    76 |   162 ||   339
Block: Buckler           |    20 |    19 |    43 |    88 ||   170

Table legend:
 A = Non-vault XP
 B = Vault XP
 C = Vault XP percentage of total XP
 D = Non-vault monster count
 E = Vault monster count
 F = Vault count percentage of total count
                 A         B        C        D         E       F
            +---------+---------+-------+---------+---------+-------
      Total |   25690 |    2388 |   8.5 |     255 |      39 |  13.3
            +---------+---------+-------+---------+---------+-------
        D:1 |      35 |       0 |   0.0 |      23 |       0 |   0.0
        D:2 |      49 |       0 |   0.0 |      19 |       0 |   0.0
        D:3 |     162 |      35 |  17.8 |      24 |      12 |  33.3
        D:4 |     166 |     430 |  72.1 |      12 |      10 |  45.5
        D:5 |    1086 |     161 |  12.9 |      15 |       6 |  28.6
        D:6 |    1101 |       0 |   0.0 |      28 |       0 |   0.0
        D:7 |    1214 |       0 |   0.0 |      25 |       0 |   0.0
        D:8 |    1297 |       0 |   0.0 |      22 |       0 |   0.0
        D:9 |    3598 |    1455 |  28.8 |      31 |      10 |  24.4
       D:10 |    3382 |     307 |   8.3 |      22 |       1 |   4.3
       D:11 |    4981 |       0 |   0.0 |      14 |       0 |   0.0
     Lair:1 |    8619 |       0 |   0.0 |      20 |       0 |   0.0
            +---------+---------+-------+---------+---------+-------
